TOP OF THE 1ST |
Virginia Cavaliers batting - Pitching for Arizona State Sun Devils : LHP Hunter Johnson
|
Pitching: LHP Hunter Johnson
|
|
Batting: LHB Randy Pérez
|
0-0: Ball 1-0: Called Strike 1-1: Ball 2-1: Swinging Strike 2-2: Ball 3-2: Foul Ball, location: 2F 3-2: Base on Balls
|
Batting: RHB Mark Whiffen
|
0-0: Ball 1-0: Foul Ball, location: 2F 1-1: Foul Ball, location: 2F 1-2: SINGLE (Line Drive, 89S) Randy Pérez to second
|
Batting: RHB Bartolo Reyes
|
0-0: Ball Randy Pérez is caught stealing 3rd base Mark Whiffen to second 1-0: Ball 2-0: Ball 3-0: Called Strike 3-1: Called Strike 3-2: Foul Ball, location: 2F 3-2: Strikes out swinging
|
Batting: SHB Walton Locke
|
0-0: Ground out 5-3 (Groundball, 56)
|
Top of the 1st over - 0 run(s), 1 hit(s), 0 error(s), 1 left on base; Virginia 0 - Arizona State 0 |
BOTTOM OF THE 1ST |
Arizona State Sun Devils batting - Pitching for Virginia Cavaliers : RHP Howard Reynolds
|
Pitching: RHP Howard Reynolds
|
|
Batting: LHB José Serrano
|
0-0: Fly out, F8 (Flyball, 8RM)
|
Batting: RHB Stan Murray
|
0-0: Ball 1-0: Ball 2-0: Called Strike 2-1: Ground out 1-3 (Groundball, P)
|
Batting: RHB Vernon Harris
|
0-0: Called Strike 0-1: SOLO HOME RUN (Flyball, 78XD), Distance : 373 ft
|
Batting: SHB Leonardo González
|
0-0: Foul Ball, location: 2F 0-1: Ball 1-1: Foul Ball, location: 2F 1-2: Ball 2-2: Strikes out looking
|
Bottom of the 1st over - 1 run(s), 1 hit(s), 0 error(s), 0 left on base; Virginia 0 - Arizona State 1 |
TOP OF THE 2ND |
Virginia Cavaliers batting - Pitching for Arizona State Sun Devils : LHP Hunter Johnson
|
Batting: RHB Pat McDonald
|
0-0: Foul Ball, location: 2F 0-1: Ball 1-1: Ball 2-1: Foul Ball, location: 2F 2-2: Hit by Pitch
|
Batting: RHB Eric Barthorpe
|
0-0: Foul Ball, location: 2F 0-1: Foul Ball, location: 2F 0-2: Ball 1-2: Ball 2-2: Strikes out looking
|
Batting: LHB Brett Anderson
|
0-0: SINGLE (Line Drive, 9LM) Pat McDonald to second
|
Batting: LHB Pablo Espinoza
|
0-0: Called Strike 0-1: Ball 1-1: Ball 2-1: Foul Ball, location: 2F 2-2: Ball 3-2: SINGLE (Flyball, 8LS) Pat McDonald to third Brett Anderson to second Runner from 3rd tries for Home, SAFE, throw made home
|
Batting: RHB Jonathan Reynolds
|
0-0: Called Strike 0-1: Called Strike 0-2: SINGLE (Line Drive, 34) Brett Anderson to third Pablo Espinoza to second Runner from 3rd tries for Home, SAFE, throw made at trailing runner, OUT at third!
|
Batting: LHB Randy Pérez
|
0-0: Ball 1-0: Called Strike 1-1: Ball 2-1: Swinging Strike 2-2: Strikes out swinging
|
Top of the 2nd over - 2 run(s), 3 hit(s), 0 error(s), 1 left on base; Virginia 2 - Arizona State 1 |
BOTTOM OF THE 2ND |
Arizona State Sun Devils batting - Pitching for Virginia Cavaliers : RHP Howard Reynolds
|
Batting: RHB Jeffery Burton
|
0-0: Called Strike 0-1: Ground out 5-3 (Groundball, 56)
|
Batting: LHB Ryan Billman
|
0-0: Called Strike 0-1: Ball 1-1: Ball 2-1: Ball 3-1: Base on Balls
|
Batting: RHB Bob Bennett
|
0-0: Ball 1-0: Ball 2-0: Called Strike 2-1: Ball 3-1: Swinging Strike 3-2: Fly out, F9 (Flyball, 9S)
|
Batting: LHB John Lynch
|
0-0: Ball 1-0: Ball 2-0: Foul Ball, location: 2F 2-1: Ball 3-1: Base on Balls Ryan Billman to second
|
Batting: LHB John Turner
|
0-0: Called Strike 0-1: DOUBLE (Flyball, 7LM) Ryan Billman scores John Lynch to third Runner from 3rd tries for Home, throw and OUT!
|
Bottom of the 2nd over - 1 run(s), 1 hit(s), 0 error(s), 1 left on base; Virginia 2 - Arizona State 2 |
TOP OF THE 3RD |
Virginia Cavaliers batting - Pitching for Arizona State Sun Devils : LHP Hunter Johnson
|
Now at 3B: Cristo Avalos
|
|
Batting: RHB Mark Whiffen
|
0-0: Called Strike 0-1: Foul Ball, location: 2F 0-2: Foul Ball, location: 2F 0-2: Strikes out looking
|
Batting: RHB Bartolo Reyes
|
0-0: Ground out 5-3 (Groundball, 56S)
|
Batting: SHB Walton Locke
|
0-0: Foul Ball, location: 2F 0-1: Foul Ball, location: 2F 0-2: Fly out, F8 (Flyball, 8RM)
|
Top of the 3rd over - 0 run(s), 0 hit(s), 0 error(s), 0 left on base; Virginia 2 - Arizona State 2 |
BOTTOM OF THE 3RD |
Arizona State Sun Devils batting - Pitching for Virginia Cavaliers : RHP Howard Reynolds
|
Batting: LHB José Serrano
|
0-0: Ball 1-0: Ball 2-0: Ball 3-0: Base on Balls
|
Batting: RHB Stan Murray
|
0-0: Called Strike 0-1: Called Strike 0-2: Foul Ball, location: 2F 0-2: Ball 1-2: Foul Ball, location: 2F 1-2: SINGLE (Line Drive, 78S) José Serrano to second
|
Batting: RHB Vernon Harris
|
0-0: Fly out, F5 (Line Drive, 5S)
|
Batting: SHB Leonardo González
|
0-0: Ball 1-0: Ball 2-0: Foul Ball, location: 2F 2-1: Swinging Strike 2-2: Foul Ball, location: 2F 2-2: Ball 3-2: Base on Balls José Serrano to third Stan Murray to second
|
Batting: RHB Jeffery Burton
|
0-0: Called Strike 0-1: Foul Ball, location: 2F 0-2: SINGLE (Flyball, 9) José Serrano scores Stan Murray to third Leonardo González to second Runner from 3rd tries for Home, SAFE, throw made home Leonardo González to third Jeffery Burton to second
|
Batting: LHB Ryan Billman
|
0-0: SINGLE (Groundball, 6MS) (infield hit) Leonardo González scores Jeffery Burton to third
|
Batting: RHB Bob Bennett
|
0-0: Ball Ryan Billman is caught stealing 2nd base 1-0: Swinging Strike 1-1: Ball 2-1: Foul Ball, location: 2F 2-2: Foul Ball, location: 2F 2-2: Strikes out looking
|
Bottom of the 3rd over - 3 run(s), 3 hit(s), 0 error(s), 1 left on base; Virginia 2 - Arizona State 5 |
TOP OF THE 4TH |
Virginia Cavaliers batting - Pitching for Arizona State Sun Devils : LHP Hunter Johnson
|
Batting: RHB Pat McDonald
|
0-0: Swinging Strike 0-1: Fly out, F8 (Flyball, 8RD)
|
Batting: RHB Eric Barthorpe
|
0-0: Called Strike 0-1: Called Strike 0-2: Fly out, F6 (Line Drive, 6)
|
Batting: LHB Brett Anderson
|
0-0: Ball 1-0: Ball 2-0: Ball 3-0: Base on Balls
|
Batting: LHB Pablo Espinoza
|
0-0: Ball 1-0: Ground out 3-1 (Groundball, 3D)
|
Top of the 4th over - 0 run(s), 0 hit(s), 0 error(s), 1 left on base; Virginia 2 - Arizona State 5 |
BOTTOM OF THE 4TH |
Arizona State Sun Devils batting - Pitching for Virginia Cavaliers : RHP Howard Reynolds
|
Batting: LHB John Lynch
|
0-0: Called Strike 0-1: Ball 1-1: Ball 2-1: Ball 3-1: Swinging Strike 3-2: Strikes out swinging
|
Batting: RHB Cristo Avalos
|
0-0: Ball 1-0: Called Strike 1-1: Foul Ball, location: 2F 1-2: Ball 2-2: Strikes out looking
|
Batting: LHB José Serrano
|
0-0: Foul Ball, location: 2F 0-1: Fly out, F8 (Flyball, 8LD)
|
Bottom of the 4th over - 0 run(s), 0 hit(s), 0 error(s), 0 left on base; Virginia 2 - Arizona State 5 |
TOP OF THE 5TH |
Virginia Cavaliers batting - Pitching for Arizona State Sun Devils : LHP Hunter Johnson
|
Batting: RHB Jonathan Reynolds
|
0-0: Fly out, F8 (Flyball, 8RS)
|
Batting: LHB Randy Pérez
|
0-0: Ball 1-0: Called Strike 1-1: Ball 2-1: Ball 3-1: SINGLE (Line Drive, 7S)
|
Batting: RHB Mark Whiffen
|
0-0: Foul Ball, location: 2F 0-1: Ball 1-1: Ball 2-1: Called Strike 2-2: Strikes out looking
|
Batting: RHB Bartolo Reyes
|
0-0: Ball 1-0: Called Strike 1-1: Foul Ball, location: 2F 1-2: Fly out, F9 (Flyball, 9LMF)
|
Top of the 5th over - 0 run(s), 1 hit(s), 0 error(s), 1 left on base; Virginia 2 - Arizona State 5 |
BOTTOM OF THE 5TH |
Arizona State Sun Devils batting - Pitching for Virginia Cavaliers : RHP Howard Reynolds
|
Pitching: RHP Dave Moran
|
|
Batting: RHB Stan Murray
|
0-0: Called Strike 0-1: Ball 1-1: Swinging Strike 1-2: Ball 2-2: Strikes out swinging
|
Batting: RHB Vernon Harris
|
0-0: Ball 1-0: Ball 2-0: Ball 3-0: Base on Balls
|
Batting: SHB Leonardo González
|
0-0: Called Strike 0-1: Ball 1-1: Ball 2-1: Ball 3-1: Base on Balls Vernon Harris to second
|
Batting: RHB Jeffery Burton
|
0-0: Called Strike 0-1: Ball 1-1: Ball 2-1: Foul Ball, location: 2F 2-2: Foul Ball, location: 2F 2-2: Fielders Choice at 2nd, 4-6 (Groundball, 4) Vernon Harris to third
|
Batting: LHB Ryan Billman
|
0-0: Ball 1-0: Ball 2-0: Called Strike 2-1: Ball 3-1: Foul Ball, location: 2F 3-2: Strikes out swinging
|
Bottom of the 5th over - 0 run(s), 0 hit(s), 0 error(s), 2 left on base; Virginia 2 - Arizona State 5 |
TOP OF THE 6TH |
Virginia Cavaliers batting - Pitching for Arizona State Sun Devils : LHP Hunter Johnson
|
Batting: SHB Walton Locke
|
0-0: Swinging Strike 0-1: Ground out 6-3 (Groundball, 6)
|
Pitching: LHP Martin O'Herlihy
|
|
Batting: RHB Pat McDonald
|
0-0: Ball 1-0: Ball 2-0: Ball 3-0: Base on Balls
|
Batting: RHB Eric Barthorpe
|
0-0: Fly out, F4 (Flyball, 34D)
|
Batting: LHB Brett Anderson
|
0-0: Ball 1-0: Called Strike 1-1: Ball 2-1: Ball 3-1: Foul Ball, location: 2F 3-2: Base on Balls Pat McDonald to second
|
Batting: LHB Pablo Espinoza
|
0-0: Ball 1-0: Called Strike 1-1: Ball 2-1: Ball 3-1: Base on Balls Pat McDonald to third Brett Anderson to second
|
Batting: RHB Jonathan Reynolds
|
0-0: Ball 1-0: Ball 2-0: Ball 3-0: Called Strike 3-1: Swinging Strike 3-2: Base on Balls Pat McDonald scores Brett Anderson to third Pablo Espinoza to second
|
Batting: LHB Randy Pérez
|
0-0: Foul Ball, location: 2F 0-1: Ball 1-1: Fly out, F8 (Line Drive, 89M)
|
Top of the 6th over - 1 run(s), 0 hit(s), 0 error(s), 3 left on base; Virginia 3 - Arizona State 5 |
BOTTOM OF THE 6TH |
Arizona State Sun Devils batting - Pitching for Virginia Cavaliers : RHP Dave Moran
|
Batting: RHB Bob Bennett
|
0-0: Ball 1-0: Called Strike 1-1: Swinging Strike 1-2: Ball 2-2: Ball 3-2: Base on Balls
|
Batting: LHB John Lynch
|
0-0: Called Strike 0-1: Called Strike 0-2: Fly out, F9 (Flyball, 9)
|
Batting: RHB Cristo Avalos
|
0-0: Ball 1-0: Ball 2-0: SINGLE (Flyball, 8LS) Bob Bennett to second Runner from 2nd tries for 3rd, SAFE, throw made to third
|
Batting: LHB José Serrano
|
0-0: Ball 1-0: Foul Ball, location: 2F 1-1: Swinging Strike 1-2: Ball 2-2: SINGLE (Line Drive, 8RM) Bob Bennett scores Cristo Avalos to second
|
Batting: RHB Stan Murray
|
0-0: Ball 1-0: Fly out, F2 (Popup, 34S)
|
Batting: RHB Vernon Harris
|
0-0: Foul Ball, location: 2F 0-1: Foul Ball, location: 2F 0-2: SINGLE (Groundball, 56D) Cristo Avalos to third José Serrano to second Runner from 3rd tries for Home, SAFE, no throw
|
Pitching: RHP Doug White
|
|
Batting: SHB Leonardo González
|
0-0: Ball 1-0: Ball 2-0: Swinging Strike 2-1: Foul Ball, location: 2F 2-2: Ball 3-2: Base on Balls José Serrano to third Vernon Harris to second
|
Batting: RHB Jeffery Burton
|
0-0: Ball 1-0: Ball 2-0: Called Strike 2-1: Foul Ball, location: 2F 2-2: SINGLE (Line Drive, 4D) José Serrano scores Vernon Harris to third Leonardo González to second Runner from 3rd tries for Home, SAFE, no throw
|
Batting: LHB Ryan Billman
|
0-0: Ball 1-0: Ball 2-0: Called Strike 2-1: Foul Ball, location: 2F 2-2: Foul Ball, location: 2F 2-2: Ball 3-2: Base on Balls Leonardo González to third Jeffery Burton to second
|
Batting: RHB Bob Bennett
|
0-0: Ball 1-0: Foul Ball, location: 2F 1-1: Ball 2-1: Ball 3-1: Called Strike 3-2: Foul Ball, location: 2F 3-2: Base on Balls Leonardo González scores Jeffery Burton to third Ryan Billman to second
|
Batting: LHB John Lynch
|
0-0: Ball 1-0: Ground out 3-1 (Groundball, 34)
|
Bottom of the 6th over - 5 run(s), 4 hit(s), 0 error(s), 3 left on base; Virginia 3 - Arizona State 10 |
TOP OF THE 7TH |
Virginia Cavaliers batting - Pitching for Arizona State Sun Devils : LHP Martin O'Herlihy
|
Batting: RHB Mark Whiffen
|
0-0: Called Strike 0-1: Called Strike 0-2: Hit by Pitch
|
Pitching: LHP Ryan Stevenson
|
|
Batting: RHB Bartolo Reyes
|
0-0: Foul Ball, location: 2F 0-1: Called Strike 0-2: Ball 1-2: Strikes out swinging
|
Batting: SHB Walton Locke
|
0-0: Ball 1-0: Called Strike 1-1: Ball 2-1: Foul Ball, location: 2F 2-2: Foul Ball, location: 2F 2-2: Foul Ball, location: 2F 2-2: Fielders Choice at 2nd, 1-6 (Groundball, P)
|
Batting: RHB Pat McDonald
|
0-0: Called Strike 0-1: Fly out, F7 (Flyball, 7)
|
Top of the 7th over - 0 run(s), 0 hit(s), 0 error(s), 1 left on base; Virginia 3 - Arizona State 10 |
BOTTOM OF THE 7TH |
Arizona State Sun Devils batting - Pitching for Virginia Cavaliers : RHP Doug White
|
Batting: RHB Cristo Avalos
|
0-0: SINGLE (Groundball, 6MD)
|
Batting: LHB José Serrano
|
0-0: Fielders Choice at 2nd, 3-6 (Groundball, 34)
|
Batting: RHB Stan Murray
|
0-0: Ball José Serrano steals 2nd base 1-0: Foul Ball, location: 2F 1-1: SINGLE (Groundball, 6D) José Serrano to third Runner from 3rd tries for Home, SAFE, throw made home
|
Batting: RHB Vernon Harris
|
0-0: Ball 1-0: Swinging Strike 1-1: Ball 2-1: Called Strike 2-2: Fly out, F8 (Flyball, 8RM)
|
Batting: SHB Leonardo González
|
0-0: Fly out, F7 (Flyball, 7LM)
|
Bottom of the 7th over - 1 run(s), 2 hit(s), 0 error(s), 1 left on base; Virginia 3 - Arizona State 11 |
TOP OF THE 8TH |
Virginia Cavaliers batting - Pitching for Arizona State Sun Devils : LHP Ryan Stevenson
|
Batting: RHB Eric Barthorpe
|
0-0: Ball 1-0: SINGLE (Groundball, 6M) (infield hit)
|
Batting: LHB Brett Anderson
|
0-0: Ball 1-0: Swinging Strike 1-1: Ball 2-1: Ball 3-1: Base on Balls Eric Barthorpe to second
|
Batting: LHB Pablo Espinoza
|
0-0: Ball 1-0: Called Strike 1-1: Called Strike 1-2: Strikes out swinging
|
Batting: RHB Jonathan Reynolds
|
0-0: Foul Ball, location: 2F 0-1: Ball 1-1: Ball 2-1: SINGLE (Groundball, 34D) Eric Barthorpe to third Brett Anderson to second Runner from 3rd tries for Home, throw and OUT! Brett Anderson to third Jonathan Reynolds to second
|
Batting: LHB Randy Pérez
|
0-0: Called Strike 0-1: Foul Ball, location: 2F 0-2: Ball 1-2: Ground out 4-3 (Groundball, 4M)
|
Top of the 8th over - 0 run(s), 2 hit(s), 0 error(s), 2 left on base; Virginia 3 - Arizona State 11 |
BOTTOM OF THE 8TH |
Arizona State Sun Devils batting - Pitching for Virginia Cavaliers : RHP Doug White
|
Batting: RHB Jeffery Burton
|
0-0: Swinging Strike 0-1: Foul Ball, location: 2F 0-2: Foul Ball, location: 2F 0-2: Ball 1-2: Foul Ball, location: 2F 1-2: Ball 2-2: Ground out 5-3 (Groundball, 5S)
|
Pitching: RHP Ed Rolston
|
|
Batting: LHB Ryan Billman
|
0-0: Called Strike 0-1: Ball 1-1: Ball 2-1: Foul Ball, location: 2F 2-2: Ball 3-2: Base on Balls
|
Batting: RHB Bob Bennett
|
0-0: Foul Ball, location: 2F 0-1: Called Strike 0-2: Foul Ball, location: 2F 0-2: Ball Ryan Billman is caught stealing 2nd base 1-2: Ball 2-2: Foul Ball, location: 2F 2-2: SINGLE (Groundball, 34D)
|
Batting: LHB John Lynch
|
0-0: Ball 1-0: Ball 2-0: Fielders Choice at 2nd, 6-4 (Groundball, 6)
|
Bottom of the 8th over - 0 run(s), 1 hit(s), 0 error(s), 0 left on base; Virginia 3 - Arizona State 11 |
TOP OF THE 9TH |
Virginia Cavaliers batting - Pitching for Arizona State Sun Devils : LHP Ryan Stevenson
|
Batting: RHB Mark Whiffen
|
0-0: Called Strike 0-1: Foul Ball, location: 2F 0-2: Strikes out swinging
|
Batting: RHB Bartolo Reyes
|
0-0: Ball 1-0: Ball 2-0: Swinging Strike 2-1: Swinging Strike 2-2: Ball 3-2: Strikes out swinging
|
Batting: SHB Walton Locke
|
0-0: Ball 1-0: Ball 2-0: Ball 3-0: Base on Balls
|
Batting: RHB Pat McDonald
|
0-0: Hit by Pitch Walton Locke to second
|
Batting: RHB Eric Barthorpe
|
0-0: Foul Ball, location: 2F 0-1: Ball 1-1: Fly out, F3 (Popup, 3)
|
Top of the 9th over - 0 run(s), 0 hit(s), 0 error(s), 2 left on base; Virginia 3 - Arizona State 11 |
|